 Dungeon Crawl Stone Soup version 0.23-a0-488-g5fd82c5 (webtiles) character file.

33 mhoghedin the Charlatan (level 3, 0/21 HPs)
             Began as a Kobold Artificer on Dec 1, 2018.
             Slain by a worm (11 damage)
             ... on level 2 of the Dungeon.
             The game lasted 00:02:23 (1659 turns).

mhoghedin the Charlatan (Kobold Artificer)          Turns: 1659, Time: 00:02:24

Health: 0/21       AC:  3    Str: 10    XL:     3   Next: 47%
Magic:  5/5        EV: 14    Int: 12    God:
Gold:   51         SH:  0    Dex: 15    Spells: 2/2 levels left

rFire    . . .     SeeInvis .   a - +0 short sword
rCold    . . .     Gourm    .   (shield restricted)
rNeg     . . .     Faith    .   b - +0 leather armour
rPois    .         Spirit   .   (no helmet)
rElec    .         Reflect  .   (no cloak)
rCorr    .         Harm     .   (no gloves)
MR       .....                  (no boots)
Stlth    ++........             (no amulet)
HPRegen  0.07/turn              (no ring)
MPRegen  0.09/turn              (no ring)

@: no status effects
A: small, carnivore
a: no special abilities


You were on level 2 of the Dungeon.
You were not hungry.

You visited 1 branch of the dungeon, and saw 2 of its levels.

You collected 51 gold pieces.

Inventory:

Hand Weapons
 a - a +0 short sword (weapon)
Missiles
 g - 6 exploding tomahawks (quivered)
Armour
 b - a +0 leather armour (worn)
Wands
 c - a wand of flame (15)
 d - a wand of enslavement (15)
 e - a wand of random effects (14)
Scrolls
 h - 2 scrolls of blinking {unknown}
 i - a scroll of teleportation {unknown}
 k - a scroll of identify {unknown}
 m - a scroll of noise {unknown}
Potions
 j - a potion of heal wounds {unknown}
 l - a potion of brilliance {unknown}
 n - a potion of lignification {unknown}
 o - a potion of mutation {unknown}
 p - a potion of curing {unknown}
Comestibles
 f - 5 rations


   Skills:
 + Level 2.1 Fighting
 + Level 2.5 Short Blades
 - Level 2.4 Dodging
 + Level 2.7 Stealth
 - Level 3.6 Evocations


You had 2 spell levels left.
You didn't know any spells.
Your spell library was empty.

Dungeon Overview and Level Annotations

Branches:
Dungeon (2/15)

Altars:


Innate Abilities, Weirdness & Mutations

You are small and have problems with some larger weapons.
You are carnivorous and can eat meat at any time.


Message History

You hit the frilled lizard.
You kill the frilled lizard!
You see here a frilled lizard corpse.
You see here a frilled lizard corpse.
You butcher the frilled lizard corpse.
q - a chunk of flesh {@w0} You see here a frilled lizard skeleton.
There isn't anything to butcher here.
You start resting.
Eating a chunk of flesh {@w0}.
You eat the chunk of flesh {@w0}.
This raw flesh tastes great.
Things that are here:
a +0 dagger; a goblin corpse; Health restored: 21 A goblin comes into view.
A goblin is nearby!
The helpless goblin fails to defend itself.
You puncture the goblin!
You kill the goblin!
No target in view!
No target in view!
No target in view!
No target in view!
No target in view!
No target in view!
A hobgoblin comes into view. It is wielding a +0 club.
A hobgoblin is nearby!
The hobgoblin shouts!
The hobgoblin hits you with a +0 club.
You take 2 damage, and have 19/21 hp.
You hit the hobgoblin.
The hobgoblin hits you but does no damage.
You closely miss the hobgoblin. You hit the hobgoblin.
The hobgoblin closely misses you.
You barely miss the hobgoblin.
The hobgoblin hits you but does no damage.
You hit the hobgoblin.
You kill the hobgoblin!
No target in view!
No target in view!
No target in view!
No target in view!
Things that are here:
a +0 club; a hobgoblin corpse A hobgoblin comes into view.
It is wielding a +0 club.
The hobgoblin shouts!
Health restored: 21 A bat comes into view.
The bat moves out of view.
The hobgoblin closely misses you.
You hit the hobgoblin. You closely miss the hobgoblin.
The bat completely misses you. The hobgoblin hits you with a +0 club.
You take 2 damage, and have 19/21 hp.
You closely miss the hobgoblin. The bat misses you.
The hobgoblin hits you but does no damage.
The bat barely misses you.
You completely miss the hobgoblin. The bat hits you but does no damage.
The hobgoblin barely misses you.
You closely miss the hobgoblin. The bat completely misses you.
The hobgoblin hits you with a +0 club.
You closely miss the hobgoblin. The bat closely misses you.
The hobgoblin barely misses you.
You hit the hobgoblin. The bat closely misses you.
The hobgoblin hits you with a +0 club.
You take 2 damage, and have 17/21 hp.
You completely miss the hobgoblin. The bat barely misses you. The bat hits you.
The hobgoblin barely misses you.
You take 1 damage, and have 16/21 hp.
You hit the hobgoblin.
You kill the hobgoblin!
The bat hits you but does no damage.
You hit the bat but do no damage. The bat misses you.
A bat is nearby!
You hit the bat.
You kill the bat!
No target in view!
You now have 35 gold pieces (gained 4).
You now have 48 gold pieces (gained 13).
You now have 51 gold pieces (gained 3).
A worm comes into view.
You regained 3 hp, and now have 19/21 hp.
A worm is nearby!
Your leather armour prevents you from hitting the worm.
You hit the worm. The worm bites you!
You take 7 damage, and have 12/21 hp.
MASSIVE DAMAGE!!
You hit the worm. The worm barely misses you.
You hit the worm but do no damage. You hit the worm but do no damage.
The worm completely misses you.
You hit the worm. You hit the worm. The worm closely misses you.
You hit the worm. The worm misses you.
You hit the worm. You barely miss the worm. The worm bites you.
You take 2 damage, and have 10/21 hp.
You hit the worm but do no damage. You barely miss the worm.
The worm barely misses you.
You hit the worm. You hit the worm. The worm bites you!
Ouch! That really hurt!
You die...

... ...## #..
#####...# #.# ##
........# #.##.#
###.#...# #.#.#
###.....###..#
.........##.# ##
####.......## #.#
#..###...##.## ##w#
.....##..##..###@#
.##.....###.#.#.##
####........##.##
####....######........
.##.....# #########
.....##.# #..###..#
#### .##


You could see a worm.

Vanquished Creatures
  An adder (D:1)
  A dart slug (D:2)
  A leopard gecko (D:1)
  6 goblins
  3 hobgoblins
  A quokka (D:2)
  A bat (D:2)
  4 frilled lizards
  4 rats
22 creatures vanquished.

Notes
Turn   | Place    | Note
-------+----------+-------------------------------------------
     0 | D:1      | mhoghedin the Kobold Artificer began the quest for the Orb.
     0 | D:1      | Reached XP level 1. HP: 12/12 MP: 3/3
   640 | D:1      | Reached XP level 2. HP: 16/16 MP: 4/4
   764 | D:1      | Reached skill level 2 in Stealth
   765 | D:1      | Reached skill level 2 in Short Blades
  1043 | D:1      | Reached XP level 3. HP: 11/21 MP: 5/5
  1321 | D:2      | Reached skill level 2 in Fighting
  1659 | D:2      | Slain by a worm

Vault maps used:
D:1:      minmay_arrival_plants_in_alcoves
D:2:      grunt_temple_overflow_opulence, first_ration, minmay_misc_feat_iff

Skill      XL: |  1  2  3 |
---------------+----------+-----
Stealth        | 2 |  2.7
Short Blades   | 2 |  2.5
Fighting       | 2 |  2.1
Dodging        | |  2.4
Evocations     | |  3.6

Action                   || total
-------------------------++-------
Melee: Short sword       ||   106
Evoke: Wand              ||     1
 Stab: Sleeping          ||     6
  Eat: Chunk             ||     4
Armor: Leather armour    ||    18
Dodge: Dodged            ||    76

Table legend:
 A = Non-vault XP
 B = Vault XP
 C = Vault XP percentage of total XP
 D = Non-vault monster count
 E = Vault monster count
 F = Vault count percentage of total count
                 A         B        C        D         E       F
            +---------+---------+-------+---------+---------+-------
      Total |      48 |       0 |   0.0 |      22 |       0 |   0.0
            +---------+---------+-------+---------+---------+-------
        D:1 |      32 |       0 |   0.0 |      13 |       0 |   0.0
        D:2 |      16 |       0 |   0.0 |       9 |       0 |   0.0
            +---------+---------+-------+---------+---------+-------

Vault maps used:
D:1:      minmay_arrival_plants_in_alcoves
D:2:      grunt_temple_overflow_opulence, first_ration, minmay_misc_feat_iff

Table legend:
 A = Turns spent in this place as a percentage of turns spent in the entire game.
 B = Non-inter-level travel turns spent in this place as a percentage of non-inter-level travel turns spent in the entire game.
 C = Inter-level travel turns spent in this place as a percentage of turns spent in this place.
 D = Turns resting spent in this place as a percentage of non-inter-level travel turns spent in this place.
 E = Turns spent auto-exploring this place as a percentage of non-inter-level travel turns spent in this place.
 F = Non-inter-level travel turns spent in this place divided by the number of levels of this place that you've seen.
                   A       B       C       D       E      F
               +-------+-------+-------+-------+-------+----------------------
         Total | 100.0 | 100.0 |   2.5 |  39.2 |  47.1 | 808.5
       Dungeon | 100.0 | 100.0 |   2.5 |  39.2 |  47.1 | 808.5
               +-------+-------+-------+-------+-------+----------------------

Table legend:
 A = Kills in this place as a percentage of kills in entire the game.
 B = Kills by you in this place as a percentage of kills by you in the entire game.
 C = Kills by friends in this place as a percentage of kills by friends in the entire game.
 D = Other kills in this place as a percentage of other kills in the entire game.
 E = Experience gained in this place as a percentage of experience gained in the entire game.
 F = Experience gained in this place divided by the number of levels of this place that you have seen.
                   A       B       C       D       E      F
               +-------+-------+-------+-------+-------+----------------------
         Total | 100.0 | 100.0 |   N/A |   N/A | 100.0 |  24.0
       Dungeon | 100.0 | 100.0 |   N/A |   N/A | 100.0 |  24.0
               +-------+-------+-------+-------+-------+----------------------
